 Dungeon Crawl Stone Soup version 0.32-a0-893-gf85d74f360 (webtiles) character file.

Game seed: 13787537448400503563

5457 Autsider the Geomancer (level 10, -1/64 HPs)
             Began as a Gargoyle Earth Elementalist on Apr 3, 2024.
             Was an Initiate of Gozag.
             Slain by a two-headed ogre
             ... wielding a +0 giant spiked club
              (14 damage)
             ... on level 9 of the Dungeon.
             The game lasted 00:22:20 (9311 turns).

Autsider the Geomancer (GrEE)                       Turns: 9311, Time: 00:22:20

Health: -1/64      AC: 14    Str: 11    XL:     10   Next: 68%
Magic:  20/20      EV: 10    Int: 21    God:    Gozag
Gold:   866        SH:  0    Dex: 10    Spells: 15/23 levels left

rFire   + . .        r - +2 trident (venom)
rCold   . . .        (no shield)
rNeg    + . .        s - +1 leather armour of the Shishi {rElec rPois rF+}
rPois   ∞            (no helmet)
rElec   +            w - +2 cloak
rCorr   .            (no gloves)
SInv    .            (no boots)
Will    .....        a - amulet of magic regeneration
Stlth   ++           e - ring of flight
HPRegen 0.30/turn    (no ring)
MPRegen 0.57/turn

%: no passive effects
@: gold aura, flying
A: sickness immunity, AC +7, negative energy resistance 1, electricity
resistance, torment resistance 1, petrification resistance
a: Renounce Religion, Potion Petition, Call Merchant, Bribe Branch


You were on level 9 of the Dungeon.
You worshipped Gozag.
Gozag was pleased with you.
You visited 2 branches of the dungeon, and saw 10 of its levels.

You collected 984 gold pieces.
You paid 118 gold pieces to Gozag.

Inventory:

Hand Weapons
 r - a +2 trident of venom (weapon)
 t - a +3 trident
 v - a +6 mace
 z - a +1 morningstar of flaming
 D - a +4 spear of freezing
Missiles
 l - 3 atropa-tipped darts
 n - a throwing net
Armour
 o - a scarf of invisibility
 s - the +1 leather armour of the Shishi (worn) {rElec rPois rF+}
   (You found it on level 3 of the Dungeon)

   rF+:       It protects you from fire.
   rElec:     It insulates you from electricity.
   rPois:     It protects you from poison.
 w - a +2 cloak (worn)
 x - a +2 leather armour of fire resistance
 C - a +0 chain mail of willpower
Jewellery
 a - an amulet of magic regeneration (around neck)
 e - a ring of flight (left hand)
Wands
 h - a wand of flame (17)
 y - a wand of quicksilver (6)
Scrolls
 c - 4 scrolls of identify {@r1}
 d - 3 scrolls of noise
 j - 3 scrolls of teleportation
 A - a scroll of enchant weapon {unknown}
 B - a scroll of blinking
Potions
 b - a potion of magic
 f - 2 potions of curing
 g - a potion of lignification
 i - 2 potions of haste
 k - a potion of cancellation
 m - 3 potions of mutation
 p - 3 potions of might
 q - 2 potions of attraction
 u - 5 potions of heal wounds {@q2}


   Skills:
 + Level 7.9 Fighting
 - Level 1.5 Dodging
 - Level 2.1 Stealth
 + Level 7.0 Spellcasting
 - Level 6.0 Conjurations
 + Level 11.8 Earth Magic
 + Level 3.3 Alchemy


You had 15 spell levels left.
You knew the following spells:

 Your Spells              Type           Power      Damage    Failure   Level
a - Sandblast             Erth           100%       2d20      1%          1
b - Stone Arrow           Conj/Erth      88%        3d12      1%          3
A - Animate Armour        Summ/Erth      64%        N/A       11%         4

Your spell library contained the following spells:

 Spells                   Type           Power      Damage    Failure   Level
 Magic Dart               Conj           100%       1d8       1%          1
 Searing Ray              Conj           64%        2d6       1%          2
 Passwall                 Erth           54%        N/A       1%          3
 Brom's Barrelling Bould  Conj/Erth      44%        2d6       3%          4
 Petrify                  Alch/Erth      39%        N/A       5%          4
 Apportation              Tloc           14%        N/A       12%         1
 Jinxbite                 Hex            14%        N/A       17%         2
 Fulminant Prism          Conj/Alch      13%        3d8       17%         4
 Alistair's Intoxication  Alch           14%        N/A       63%         5
 Summon Forest            Summ/Tloc      3%         N/A       97%         5
 Eringya's Noxious Bog    Alch           10%        4d6       99%         6
 Summon Hydra             Summ           3%         N/A       100%        7
 Lehudib's Crystal Spear  Conj/Erth      22%        10d6      100%        8


Dungeon Overview and Level Annotations

Branches:
Dungeon (9/15)             Temple (1/1) D:6
   Lair: D:8-11         Orc: D:9-12

Altars:
Ashenzari
Dithmenos
Elyvilon
Fedhas
Gozag
Hepliaklqana
Makhleb
Nemelex Xobeh
Okawaru
Qazlal
Ru
Sif Muna
Trog
Uskayaw
Xom
Yredelemnul
Zin

Annotations:
D:6 exclusion: downstairs


Innate Abilities, Weirdness & Mutations

You are immune to sickness and miasma.
Your stone body is resilient. (AC +7)
You are immune to poison.
You resist negative energy. (rN+)
You are resistant to electric shocks. (rElec)
You are resistant to unholy torment.
You are immune to petrification.


Message History

A bullfrog comes into view.
Casting: Stone Arrow (safe; 1% risk of failure)
Confirm with . or Enter, or press ? or * to list all spells.
The bullfrog gives a loud, deep croak!
You closely miss the bullfrog.
The bullfrog hits you but does no damage.
The bullfrog closely misses you.
You puncture the bullfrog!
The bullfrog is poisoned.
The bullfrog is moderately wounded.
The bullfrog closely misses you.
Your animated leather armour hits the bullfrog. x2
The bullfrog hits you but does no damage.
You miss the bullfrog.
The bullfrog is severely wounded.
Your animated leather armour hits the bullfrog.
Your animated leather armour barely misses the bullfrog.
The bullfrog closely misses your animated leather armour.
You hit the two-headed ogre.
The two-headed ogre is poisoned.
The two-headed ogre is lightly wounded.
You kill the bullfrog!
Your animated leather armour hits the two-headed ogre.
Your animated leather armour hits the two-headed ogre but does no damage.
The two-headed ogre barely misses you.
The two-headed ogre hits you with a +0 giant spiked club!!
Your animated leather armour hits the two-headed ogre. x2
You are too injured to fight recklessly!
You are too injured to fight recklessly!
Casting: Animate Armour (dangerous; 11% risk of failure)
Confirm with . or Enter, or press ? or * to list all spells.
Aiming: Sandblast (safe; 1% risk of failure)
Press: ? - help, Shift-Dir - straight line, f - two-headed ogre
Aim: a two-headed ogre, wielding two +0 giant spiked clubs (moderately wounded, very poisoned, ally target, 93% to hit)
The blast of sand hits the two-headed ogre!!
The two-headed ogre is severely wounded.
Your animated leather armour hits the two-headed ogre. x2
The two-headed ogre hits you with a +0 giant spiked club!!
* * * LOW HITPOINT WARNING * * *
The two-headed ogre hits you with a +0 giant spiked club!
You die...
Your body crumbles into a pile of gold.

## ..
.#.##.###########
.......$O@....... >.
# ##....##[########
#'# .# #.##
#.....#<######'###.#
##.##.#....##......#
#.##.#..#.# ......#
#.##.#..#.# .....#
#.##.#....###..#
#.##...........#
..#####.#####.###


You could see a two-headed ogre (very poisoned, ally target) and a friendly
animated leather armour (summoned).

Vanquished Creatures
  A two-headed ogre (D:8)
  Maggie (D:6)
  Jeremiah (D:9)
  A hornet (D:8)
  Prince Ribbit (D:6)
  Grinder (D:4)
  Sigmund (D:3)
  A steam dragon (D:8)
  A water moccasin (D:7)
  Pargi (D:4)
  2 ice beasts
  An orc warrior (D:8)
  A sky beast (D:7)
  2 centaurs (D:8)
  3 ogres
  A phantom (D:5)
  4 kobold brigands
  5 bullfrogs
  A scorpion (D:4)
  8 wights (D:7)
  3 howler monkeys (D:8)
  3 electric eels (D:6)
  A bombardier beetle (D:4)
  3 hounds
  A gnoll bouda (D:8)
  A jelly (D:7)
  4 orc priests
  Jessica (D:3)
  8 iguanas
  5 orc wizards
  2 sleepcaps
  Natasha (thrice) (D:3)
  11 gnolls
  6 adders
  2 shadow imps (D:7)
  4 ufetubi (D:5)
  A dart slug (D:2)
  5 ribbon worms
  24 orcs
  4 endoplasms
  7 giant cockroaches
  7 goblins
  9 hobgoblins
  5 jackals
  27 kobolds
  2 quokkas
  6 ball pythons
  4 bats
  4 frilled lizards
  4 rats
205 creatures vanquished.

Notes
Turn   | Place    | Note
-------+----------+-------------------------------------------
     0 | D:1      | Autsider the Gargoyle Earth Elementalist began the quest
                  | for the Orb.
     0 | D:1      | Reached XP level 1. HP: 10/10 MP: 3/3
   208 | D:1      | Reached XP level 2. HP: 16/16 MP: 3/5
   251 | D:1      | Reached skill level 4 in Earth Magic
   927 | D:1      | Reached skill level 1 in Fighting
   971 | D:1      | Reached XP level 3. HP: 20/20 MP: 4/6
  1570 | D:2      | Reached XP level 4. HP: 25/25 MP: 4/7
  1574 | D:2      | Learned a level 3 spell: Stone Arrow
  2174 | D:3      | Noticed Jessica
  2175 | D:3      | Killed Jessica
  2191 | D:3      | Reached skill level 5 in Earth Magic
  2245 | D:3      | Noticed Natasha
  2247 | D:3      | Killed Natasha
  2247 | D:3      | Noticed Natasha
  2248 | D:3      | Reached XP level 5. HP: 30/30 MP: 1/9
  2263 | D:3      | Killed Natasha
  2289 | D:3      | Noticed Natasha
  2300 | D:3      | Killed Natasha
  2394 | D:3      | Reached XP level 6. HP: 36/36 MP: 5/10
  2608 | D:3      | Identified the +1 leather armour of the Shishi {rElec rPois
                  | rF+}
  2910 | D:3      | Found a basalt altar of Yredelemnul.
  3061 | D:3      | Noticed Sigmund
  3076 | D:3      | Killed Sigmund
  3077 | D:3      | Reached skill level 6 in Earth Magic
  3339 | D:4      | Reached XP level 7. HP: 37/41 MP: 10/12
  3504 | D:4      | Found a white marble altar of Elyvilon.
  3640 | D:4      | Noticed Pargi
  3643 | D:4      | Killed Pargi
  3644 | D:4      | Reached skill level 7 in Earth Magic
  3923 | D:4      | Noticed Grinder
  3924 | D:4      | Paralysed by Grinder for 5 turns
  3930 | D:4      | Killed Grinder
  3931 | D:4      | Reached XP level 8. HP: 48/48 MP: 4/14
  4139 | D:4      | Reached skill level 8 in Earth Magic
  4440 | D:5      | Entered Level 5 of the Dungeon
  4971 | D:5      | Reached skill level 5 in Fighting
  5108 | D:5      | Found a bloodstained altar of Trog.
  5115 | D:5      | Reached skill level 9 in Earth Magic
  5511 | D:6      | Reached skill level 5 in Spellcasting
  5651 | D:6      | Noticed Maggie
  5656 | D:6      | Killed Maggie
  5657 | D:6      | Reached skill level 10 in Earth Magic
  5657 | D:6      | Reached XP level 9. HP: 45/55 MP: 5/17
  6160 | D:6      | Found a staircase to the Ecumenical Temple.
  6161 | D:6      | Noticed Prince Ribbit
  6166 | D:6      | Killed Prince Ribbit
  6731 | Temple   | Entered the Ecumenical Temple
  6739 | Temple   | Became a worshipper of Gozag Ym Sagoz the Greedy
  7052 | D:7      | Reached skill level 1 in Alchemy
  7291 | D:7      | Found a shimmering blue altar of Sif Muna.
  7364 | D:7      | Reached skill level 11 in Earth Magic
  7862 | D:7      | Reached XP level 10. HP: 57/63 MP: 17/19
  7925 | D:7      | Reached skill level 5 in Conjurations
  8400 | D:8      | Noticed a two-headed ogre
  8406 | D:8      | Learned a level 4 spell: Animate Armour
  8416 | D:8      | Killed a two-headed ogre
  9070 | D:8      | Found an iron altar of Okawaru.
  9209 | D:9      | Noticed Jeremiah
  9217 | D:9      | Killed Jeremiah
  9302 | D:9      | Noticed a two-headed ogre
  9311 | D:9      | Slain by a two-headed ogre

Illustrated notes

Levels and vault maps discovered:
D:1:      matt_arrival_los_fun, layout_basic
D:2:      layout_loops_ring, minmay_tiny_reverse_x
D:3:      layout_loops_ring, mainiacjoe_overflow_alcove_1, uniq_sigmund,
          uniq_natasha, uniq_jessica
D:4:      layout_basic, elyvilon_altar_5, uniq_grinder, uniq_pargi
D:5:      layout_basic, lemuel_doored_altar, serial_corexii_hall,
          corexii_hall_statues_i, chequers_hall_statues_corner_a,
          chequers_hall_statues_corner_a, corexii_hall_statues_i
D:6:      wad_lake_hut, layout_layer_cave, minmay_temple_entry_wispy,
          uniq_maggie, uniq_prince_ribbit1
D:7:      layout_layer_cave, nicolae_sif_muna_condensation
D:8:      layout_gridville, kennysheep_okawaru_gauntlet
D:9:      layout_basic, lemuel_round_altar, erik_lair_island, uniq_jeremiah
Temple:   nicolae_temple_bog_church

Skill      XL: |  1  2  3  4  5  6  7  8  9 10 |
---------------+-------------------------------+-----
Earth Magic    | 4 5 6 7 10 11 | 11.8
Fighting       | 1 2 3 4 5 7 |  7.9
Conjurations   | 2 3 4 6 |  6.0
Spellcasting   | 3 4 5 6 7 |  7.0
Alchemy        | 2 3 |  3.3
Dodging        | |  1.5
Stealth        | |  2.1

Action                     |  1- 3 |  4- 6 |  7- 9 | 10-12 || total
---------------------------+-------+-------+-------+-------++-------
  Melee: Dagger            |       |     5 |       |       ||     5
         Morningstar       |       |       |    32 |       ||    32
         Trident           |       |       |       |     8 ||     8
   Cast: Sandblast         |    43 |    45 |   136 |    66 ||   290
         Stone Arrow       |       |     5 |    31 |     8 ||    44
         Animate Armour    |       |       |       |     2 ||     2
    Use: Scroll            |       |     3 |    11 |     1 ||    15
 Armour: Robe              |     3 |    14 |    16 |       ||    33
         Leather armour    |       |       |    73 |    40 ||   113
  Dodge: Dodged            |     2 |     6 |    47 |    22 ||    77

Table legend: (Time is in decaauts)
 A = Elapsed time spent in this place.
 B = Non-inter-level travel time spent in this place.
 C = Inter-level travel time spent in this place.
 D = Time resting spent in this place.
 E = Time spent auto-exploring this place.
 F = Levels seen in this place.
 G = Mean time per level.
                   A        B        C        D        E       F      G
               +--------+--------+--------+--------+--------+-----+--------+
         Total |   9510 |   8846 |    664 |    269 |   7181 |  10 |  951.0 |
       Dungeon |   9493 |   8844 |    649 |    269 |   7181 |   9 | 1054.8 |
        Temple |     17 |      3 |     14 |      0 |      0 |   1 |   17.0 |
               +--------+--------+--------+--------+--------+-----+--------+

Top non-repeatable levels by time:
     D:6: 1541 daAuts
     D:7: 1495 daAuts
     D:3: 1262 daAuts
     D:4: 1127 daAuts
     D:1: 1082 daAuts
     D:2: 1031 daAuts
     D:5: 969 daAuts
     D:8: 879 daAuts
     D:9: 102 daAuts
  Temple: 17 daAuts
